 Dungeon Crawl Stone Soup version 0.28.0-43-g3370ac3207 (webtiles) character file.

Game seed: 8842045767480357188

65 Gabide the Charlatan (level 4, -3/32 HPs)
             Began as a Human Artificer on Mar 24, 2022.
             Slain by Robin
             ... wielding a +0 trident
              (5 damage)
             ... on level 2 of the Dungeon.
             The game lasted 00:04:36 (3749 turns).

Gabide the Charlatan (Human Artificer)              Turns: 3749, Time: 00:04:37

Health: -3/32      AC:  5    Str: 13    XL:     4   Next: 34%
Magic:  4/4        EV: 11    Int: 11    God:
Gold:   41         SH:  0    Dex: 15    Spells: 3/3 levels left

rFire   . . .      SeeInvis .   a - +0 club
rCold   . . .      Faith    .   (no shield)
rNeg    . . .      Spirit   .   g - +0 ring mail
rPois   .          Reflect  .   (no helmet)
rElec   .          Harm     .   (no cloak)
rCorr   .          Rampage  .   (no gloves)
Will    .....                   (no boots)
Stlth   +.........              (no amulet)
HPRegen 0.10/turn               (no ring)
MPRegen 0.09/turn               (no ring)

@: no status effects
A: no striking features
a: no special abilities


You were on level 2 of the Dungeon.
You visited 1 branch of the dungeon, and saw 2 of its levels.

You collected 65 gold pieces.
You spent 24 gold pieces at shops.

Inventory:

Hand Weapons
 a - a +0 club (weapon)
Armour
 g - a +0 ring mail (worn)
Wands
 d - a wand of charming (3)
Scrolls
 c - a scroll of immolation
Potions
 b - a potion of berserk rage
 f - a potion of heal wounds {unknown}
 h - a potion of lignification
Miscellaneous
 e - a piece from Xom's chessboard (12/15)


   Skills:
 * Level 1.2 Fighting
 + Level 0.9 Maces & Flails
 + Level 2.3 Armour
 * Level 1.7 Dodging
 + Level 1.5 Stealth
 * Level 3.9 Evocations


You had 3 spell levels left.
You didn't know any spells.
Your spell library contained the following spells:

 Spells                   Type           Power      Damage    Failure   Level
 Sting                    Tmut/Pois      0%         1d3       58%         1
 Ozocubu's Armour         Ice            0%         N/A       92%         3
 Flame Wave               Conj/Fire      0%         2d4       100%        4
 Sticky Flame             Conj/Fire      0%         2d3       100%        4
 Irradiate                Conj/Tmut      0%         3d13      100%        5
 Metabolic Englaciation   Hex/Ice        0%         N/A       100%        5
 Simulacrum               Ice/Necr       0%         N/A       100%        6


Dungeon Overview and Level Annotations

Branches:
Dungeon (2/15)

Altars:

Shops:
D:2 *

Annotations:
D:2 Robin


Message History

You barely miss Robin. Robin closely misses you.
You barely miss Robin. Robin closely misses you. x2
You hit Robin.
Robin is lightly wounded.
Robin hits you with a +0 trident.
You barely miss Robin. Your punch misses Robin.
Robin is lightly wounded.
Robin closely misses you.
You hit Robin but do no damage.
Robin is lightly wounded.
Robin closely misses you.
You hit Robin but do no damage.
Robin is lightly wounded.
Robin closely misses you. Robin hits you with a +0 trident.
You hit Robin but do no damage. Robin barely misses you.
You hit Robin but do no damage. Robin hits you with a +0 trident.
You barely miss Robin. Robin hits you with a +0 trident!
You make a move on Xom's chessboard...
Robin is outlined in light.
Robin hits you with a +0 trident.
* * * LOW HITPOINT WARNING * * *
Unknown command.
You make a move on Xom's chessboard...
Robin falls asleep!
The helpless Robin fails to defend themself.
You hit Robin.
Robin is lightly wounded.
Robin closely misses you. Robin barely misses you.
You hit Robin.
Robin is lightly wounded.
Robin barely misses you.
You hit Robin but do no damage.
Robin is lightly wounded.
Robin hits you with a +0 trident!
* * * LOW HITPOINT WARNING * * *
Robin closely misses you.
Aiming: Charm
Press: ? - help, Shift-Dir - straight line, f - Robin
Aim: Robin, wielding a +0 trident, wearing a +0 ring mail and wearing a +0 helmet (lightly wounded, softly glowing, chance to affect: 67%) Robin struggles to resist.
Robin hits you from afar with a +0 trident.
You die...

..[.####.#########.#.#########.#.
....+....)........... #.#.
....####.#.###### .$ #.#. ....#
#.#.# .#.# #.#. ....####+#.# ...#
#.#. #....†.....# ##''## #.
#..........# ##§g.≈## #.#.
#..........####§§..≈≈## #.##
#.########...#§§@...≈≈# #... #.#
###.'§§§.....+ #... #÷#
###.'........+ #.#.
#÷########..##≈≈....≈§# #.#.
.÷...........##≈§..≈≈## ....
#.########..#.##≈..≈## #.#. #.#
#.<#.###''## #.#. #.# #..#.# ...#
#. #.########..#.# ##... #.


You could see Robin (corona).

Vanquished Creatures
  An adder (D:2)
  An adder skeleton (D:2)
  2 dart slugs (D:1)
  4 ball pythons
  2 bats
  6 endoplasms
  4 giant cockroaches
  10 goblins
  A hobgoblin (D:2)
  A quokka (D:1)
  A frilled lizard (D:1)
  2 kobolds
  6 rats
41 creatures vanquished.

Vanquished Creatures (collateral kills)
  An endoplasm (D:2)
  A frilled lizard (D:2)
2 creatures vanquished.

Vanquished Creatures (others)
  An adder (D:2)
  5 goblins (D:2)
6 creatures vanquished.

Grand Total: 49 creatures vanquished

Notes
Turn   | Place    | Note
-------+----------+-------------------------------------------
     0 | D:1      | Gabide the Human Artificer began the quest for the Orb.
     0 | D:1      | Reached XP level 1. HP: 15/15 MP: 1/1
   481 | D:1      | Reached XP level 2. HP: 12/21 MP: 2/2
  1400 | D:1      | Reached XP level 3. HP: 26/26 MP: 3/3
  1933 | D:1      | Found a faded altar of an unknown god.
  1940 | D:1      | Got Plato's Almanac of Envenoming
  2519 | D:2      | Found Otem's General Store.
  2522 | D:2      | Noticed Robin
  2570 | D:2      | HP: 1/26 [Robin/+0 spear (3)]
  3052 | D:2      | Bought a scroll of identify for 24 gold pieces
  3194 | D:2      | Reached XP level 4. HP: 16/32 MP: 4/4
  3703 | D:2      | Got the Compendium of Ignition and Confrontation
  3749 | D:2      | Slain by Robin

Illustrated notes

Levels and vault maps discovered:
D:1:      elethiomel_arrival_maze, layout_loops_cross,
          shapermc_ecumenical_altar_rom_forum, grunt_decor_mini_mirrors,
          serial_bayou_crossing
D:2:      layout_basic, serial_shops, nicolae_diamond_shop,
          kennysheep_generic_room_3, uniq_robin

Action                   |  1- 3 |  4- 6 || total
-------------------------+-------+-------++-------
Melee: Club              |   156 |    43 ||   199
       Punch             |     3 |       ||     3
Evoke: Wand              |    25 |     2 ||    27
       Piece from Xom's  |       |     4 ||     4
  Use: Scroll            |     3 |       ||     3
 Stab: Sleeping          |     2 |     1 ||     3
       Petrified         |       |     9 ||     9
Armor: Leather armour    |    22 |       ||    22
       Ring mail         |    77 |    14 ||    91
Dodge: Dodged            |   134 |    22 ||   156
